Pick #1

Connor Bedard
Pick #2

Leo Carlsson
Pick #3

Adam Fantilli
Pick #4

Matvei Michkov
Pick #5

David Reinbacher
Pick #6

William Smith
Pick #7

Zachary Benson
Pick #8

Ryan Leonard
Pick #9

Gabriel Perreault
Pick #10

Axel Sandin-Pellika
Pick #11

Daniil But
Pick #12

Dalibor Dvorsky
Pick #13

Quentin Musty
Pick #14

Brayden Yager
Pick #15

Dmitry Simashev
Pick #16

Colby Barlow
Pick #17

Andrew Cristall
Pick #18

Easton Cowan
Pick #19

Jacob Fowler
Pick #20

Oliver Moore
Pick #21

Oliver Bonk
Pick #22

Tom Willander
Pick #23

Calum Ritchie
Pick #24

Tanner Molendyk
Pick #25

Gavin Brindley
Pick #26

Nate Danielson
Pick #27

Pick #28

Pick #29

Pick #30

Pick #31

Pick #32

Pick #33

Pick #34

Pick #35

Pick #36

Pick #37

Pick #38

Pick #39

Pick #40

Pick #41

Pick #42

Pick #43

Pick #44

Pick #45

Pick #46

Pick #47

Pick #48

Pick #49

Pick #50

Pick #51

Pick #52

Pick #53

Pick #54

Pick #55

Pick #56

Pick #57

Pick #58

Pick #59

Pick #60

Pick #61

Pick #62

Pick #63

Pick #64

Pick #65

Pick #66

Pick #67

Pick #68

Pick #69

Pick #70

Pick #71

Pick #72

Pick #73

Pick #74

Pick #75

Pick #76

Pick #77

Pick #78

Pick #79

Pick #80

Pick #81

Pick #82

Pick #83

Pick #84

Pick #85

Pick #86

Pick #87

Pick #88

Pick #89

Pick #90

Pick #91

Pick #92

Pick #93

Pick #94

Pick #95

Pick #96

Pick #97

Pick #98

Pick #99

Pick #100

Pick #101

Pick #102

Pick #103

Pick #104

Pick #105

Pick #106

Pick #107

Pick #108

Pick #109

Pick #110

Pick #111

Pick #112

Pick #113

Pick #114

Pick #115

Pick #116

Pick #117

Pick #118

Pick #119

Pick #120

Pick #121

Pick #122

Pick #123

Pick #124

Pick #125

Pick #126

Pick #127

Pick #128

Pick #129

Pick #130

Full Scoreboard »»

Devils vs Senators

Created - December 20, 2023 at 08:55

Goals
1 2 3 T
Devils 4 0 0 4
Senators 0 1 0 1
Shots
1 2 3 T
Devils 21 10 6 37
Senators 5 7 9 21

GoalsPenalties
1st period
1. Devils , Sam Reinhart 8 (Dougie Hamilton 16, Mikhail Sergachev 16) at 2:44
2. Devils , Evgeni Malkin 11 (Nino Niederreiter 11, Matt Boldy 7) at 6:55 (PP)
3. Devils , Dougie Hamilton 6 (Nino Niederreiter 12, Mikhail Sergachev 17) at 13:01 (PP)
4. Devils , Nino Niederreiter 4 (Evgeni Malkin 17, Mikhail Sergachev 18) at 15:41
Danton Heinen (OTT) for Tripping (Minor) at 5:10
Danton Heinen (OTT) for Roughing (Minor) at 11:42
2nd period
5. Senators , Matty Beniers 8 (Chris Tanev 7, K'Andre Miller 15) at 14:11
Mathieu Joseph (NJD) for Holding (Minor) at 5:44
3rd period
No Goal
Scott Laughton (OTT) for Roughing (Minor) at 5:57
Andrei Vasilevskiy (NJD) for Delaying the game (Minor) at 15:36 - Sam Reinhart served the penalty.
Goalie Stats
Andrei Vasilevskiy (NJD), 20 saves from 21 shots - (0.952), W, 12-6-4, 60:00 minutes
Sam Montembeault (OTT), 14 saves from 18 shots - (0.778), L, 5-7-1, 15:41 minutes
Semyon Varlamov (OTT), 19 saves from 19 shots - (1.000), 44:19 minutes
3 StarsOfficial
1 - Nino Niederreiter (NJD)
2 - Dougie Hamilton (NJD)
3 - Mikhail Sergachev (NJD)
Referees : Mitch Dunning and Robert Hennessey
Linesman : Steven Walsh and Glen Cooke
Game Note
Semyon Varlamov enters game at 15:41 of 1st period
Finance
Level 1 -- Attendance: 6022 (92.65%) -- Ticket Income $722,640
Level 2 -- Attendance: 5000 (100.00%) -- Ticket Income $450,000
Level 3 -- Attendance: 2413 (68.94%) -- Ticket Income $180,975
Level 4 -- Attendance: 2319 (73.55%) -- Ticket Income $115,950
Luxury Box -- Attendance: 716 (71.60%) -- Ticket Income $171,840
Game was played at the Canadian Tire Centre.
Total Attendance: 16470 (85.99%)
Total Ticket Income: $1,641,405
Other Income: $410,351
Total Income: $2,051,756



Team Name Goals Shots Shots Attemp Shots Blocked PIM HIT PP PK FO%
Devils 4376384202 / 3 (67%)056%
Senators 12138106180 / 2 (0%)244%

Devils
Player Name POS G A P +/- PIM HIT SHT SB MP PP MP PP SHT PK MP PK SHT FO% FOT
Chris KreiderLW0001021018:372:5810:0000% 0
Damon SeversonD0000031120:582:0601:2600% 0
Dominik KubalikLW000001004:210:0000:3100% 0
Dougie HamiltonD1121004322:462:5732:3200% 0
Dylan CozensC0000015017:480:0002:07038% 16
Erik GustafssonD0000001021:392:0611:2600% 0
Evgeni MalkinC1120006018:042:0520:10043% 21
Justin SchultzD0000021117:570:0002:3200% 0
Kyle OkposoRW000001106:400:0002:5000% 0
Mathieu JosephRW0000242016:010:0000:2100% 0
Matt BoldyLW0110002017:542:0500:0000% 0
Mike HoffmanLW0000004015:410:0000:000100% 2
Mikhail SergachevD0331000120:562:5700:0000% 0
Nicklas BackstromC000000005:470:0001:57075% 4
Nino NiederreiterRW1230032017:542:0500:000100% 2
Sam ReinhartC1011013018:372:5800:00067% 24
Travis KonecnyRW0001014018:372:5800:000100% 1
Urho VaakanainenD0000010215:440:0000:0000% 0
Senators
Player Name POS G A P +/- PIM HIT SHT SB MP PP MP PP SHT PK MP PK SHT FO% FOT
Andrew CoppC0001022019:012:4001:39047% 19
Anthony CirelliC000-1002015:340:0000:1400% 0
Brock McGinnLW0001000017:482:4000:26050% 2
Chris TanevD0111001220:091:4902:0700% 0
Christian DvorakC000-1020315:360:0000:0000% 0
Danton HeinenLW000-1420019:391:1800:00033% 3
Eric StaalC000-1001115:200:0000:0000% 1
Jake WalmanD000-1020015:360:0000:0000% 0
Joel Eriksson EkC000-1031025:131:1812:58038% 21
K'Andre MillerD0111062020:091:4902:0700% 0
Luke GlendeningC000000000:550:0000:5500% 0
Matty BeniersC1011008019:232:0710:00050% 2
Nikita KucherovRW000-1000025:131:1802:58025% 8
Noah HanifinD000-1011224:152:0902:5600% 0
Pius SuterC000000000:000:0000:0000% 0
Rasmus AnderssonD000-1001124:152:0912:5600% 0
Sam GagnerC000000000:330:3300:0000% 0
Scott LaughtonC000-1202116:150:0000:56064% 14



Play-by-Play

1st period


0:01 of 1st period - Joel Eriksson Ek wins face-off versus Sam Reinhart in neutral zone.
0:14 of 1st period - Shot by Joel Eriksson Ek.
0:14 of 1st period - Shot Misses the Net.
0:16 of 1st period - Shot by Noah Hanifin.
0:16 of 1st period - Stopped by Andrei Vasilevskiy without a rebound.
0:17 of 1st period - Evgeni Malkin wins face-off versus Andrew Copp in Devils zone.
0:28 of 1st period - Shot by Matt Boldy.
0:28 of 1st period - Stopped by Sam Montembeault without a rebound.
0:29 of 1st period - Dylan Cozens wins face-off versus Scott Laughton in Senators zone.
0:51 of 1st period - Shot by Dylan Cozens.
0:51 of 1st period - Stopped by Sam Montembeault without a rebound.
0:52 of 1st period - Matty Beniers wins face-off versus Evgeni Malkin in Senators zone.
1:22 of 1st period - Shot by Nino Niederreiter.
1:22 of 1st period - Stopped by Sam Montembeault without a rebound.
1:23 of 1st period - Sam Reinhart wins face-off versus Scott Laughton in Senators zone.
1:44 of 1st period - Shot by Anthony Cirelli.
1:44 of 1st period - Shot Blocked by Dougie Hamilton.
1:46 of 1st period - Shot by Eric Staal.
1:46 of 1st period - Shot Blocked by Mikhail Sergachev.
1:48 of 1st period - Shot by Scott Laughton.
1:48 of 1st period - Stopped by Andrei Vasilevskiy without a rebound.
1:49 of 1st period - Mike Hoffman wins face-off versus Danton Heinen in Devils zone.
1:49 of 1st period - Mike Hoffman is hit by Joel Eriksson Ek.
2:36 of 1st period - Icing by Noah Hanifin.
2:37 of 1st period - Sam Reinhart wins face-off versus Joel Eriksson Ek in Senators zone.
2:42 of 1st period - Shot by Sam Reinhart.
2:42 of 1st period - Shot Misses the Net.
2:44 of 1st period - Shot by Sam Reinhart.
2:44 of 1st period - Goal by Sam Reinhart - Devils : 1 - Senators : 0.
2:45 of 1st period - Evgeni Malkin wins face-off versus Andrew Copp in neutral zone.
2:52 of 1st period - Shot by Matt Boldy.
2:52 of 1st period - Shot Misses the Net.
2:58 of 1st period - Dougie Hamilton is hit by Andrew Copp.
3:53 of 1st period - Sam Reinhart is hit by Jake Walman and loses puck.
4:01 of 1st period - Damon Severson is hit by Christian Dvorak and loses puck.
4:24 of 1st period - Icing by Travis Konecny.
4:25 of 1st period - Sam Reinhart wins face-off versus Joel Eriksson Ek in Devils zone.
4:25 of 1st period - Travis Konecny is hit by Danton Heinen and loses puck.
5:10 of 1st period - Minor Penalty to Danton Heinen for Tripping.
5:11 of 1st period - Evgeni Malkin wins face-off versus Nikita Kucherov in Senators zone.
5:40 of 1st period - Shot by Evgeni Malkin.
5:40 of 1st period - Stopped by Sam Montembeault without a rebound.
5:41 of 1st period - Nikita Kucherov wins face-off versus Evgeni Malkin in Senators zone.
5:52 of 1st period - Shot by Dougie Hamilton.
5:52 of 1st period - Stopped by Sam Montembeault without a rebound.
5:53 of 1st period - Sam Reinhart wins face-off versus Nikita Kucherov in Senators zone.
6:55 of 1st period - Shot by Evgeni Malkin.
6:55 of 1st period - Goal by Evgeni Malkin - Devils : 2 - Senators : 0.
6:56 of 1st period - Andrew Copp wins face-off versus Dylan Cozens in neutral zone.
7:14 of 1st period - Matty Beniers is hit by Justin Schultz and loses puck.
7:29 of 1st period - Shot by Mathieu Joseph.
7:29 of 1st period - Shot Blocked by Christian Dvorak.
7:31 of 1st period - Shot by Dylan Cozens.
7:31 of 1st period - Stopped by Sam Montembeault without a rebound.
7:32 of 1st period - Scott Laughton wins face-off versus Evgeni Malkin in Senators zone.
7:32 of 1st period - Anthony Cirelli is hit by Nino Niederreiter and loses puck.
8:08 of 1st period - Icing by Nino Niederreiter.
8:09 of 1st period - Evgeni Malkin wins face-off versus Joel Eriksson Ek in Devils zone.
8:57 of 1st period - Off-side.
8:58 of 1st period - Andrew Copp wins face-off versus Sam Reinhart in neutral zone.
8:58 of 1st period - Andrew Copp is hit by Sam Reinhart.
10:08 of 1st period - Anthony Cirelli is hit by Mathieu Joseph and loses puck.
10:36 of 1st period - Christian Dvorak is hit by Mathieu Joseph and loses puck.
10:47 of 1st period - Shot by Mike Hoffman.
10:47 of 1st period - Stopped by Sam Montembeault with a rebound.
11:09 of 1st period - Shot by Nino Niederreiter.
11:09 of 1st period - Deflect By Evgeni Malkin.
11:09 of 1st period - Stopped by Sam Montembeault with a rebound.
11:42 of 1st period - Minor Penalty to Danton Heinen for Roughing.
11:43 of 1st period - Sam Reinhart wins face-off versus Nikita Kucherov in Senators zone.
11:50 of 1st period - Shot by Chris Kreider.
11:50 of 1st period - Stopped by Sam Montembeault without a rebound.
11:51 of 1st period - Nikita Kucherov wins face-off versus Sam Reinhart in Senators zone.
11:57 of 1st period - Icing by Erik Gustafsson.
11:58 of 1st period - Sam Reinhart wins face-off versus Nikita Kucherov in Devils zone.
12:55 of 1st period - Shot by Dougie Hamilton.
12:55 of 1st period - Shot Blocked by Chris Tanev.
12:57 of 1st period - Shot by Nino Niederreiter.
12:57 of 1st period - Shot Misses the Net.
12:59 of 1st period - Shot by Dougie Hamilton.
12:59 of 1st period - Stopped by Sam Montembeault with a rebound.
13:01 of 1st period - Shot by Dougie Hamilton.
13:01 of 1st period - Goal by Dougie Hamilton - Devils : 3 - Senators : 0.
13:02 of 1st period - Andrew Copp wins face-off versus Dylan Cozens in neutral zone.
13:40 of 1st period - Shot by Dylan Cozens.
13:40 of 1st period - Stopped by Sam Montembeault without a rebound.
13:41 of 1st period - Evgeni Malkin wins face-off versus Eric Staal in Senators zone.
13:49 of 1st period - Nino Niederreiter is hit by K'Andre Miller and loses puck.
13:56 of 1st period - Shot by Evgeni Malkin.
13:56 of 1st period - Stopped by Sam Montembeault with a rebound.
13:58 of 1st period - Shot by Dougie Hamilton.
13:58 of 1st period - Stopped by Sam Montembeault without a rebound.
13:59 of 1st period - Sam Reinhart wins face-off versus Joel Eriksson Ek in Senators zone.
14:40 of 1st period - Shot by Chris Kreider.
14:40 of 1st period - Shot Blocked by Noah Hanifin.
15:09 of 1st period - Shot by Matty Beniers.
15:09 of 1st period - Stopped by Andrei Vasilevskiy with a rebound.
15:11 of 1st period - Shot by Matty Beniers.
15:11 of 1st period - Stopped by Andrei Vasilevskiy without a rebound.
15:12 of 1st period - Nino Niederreiter wins face-off versus Scott Laughton in Devils zone.
15:17 of 1st period - Eric Staal is hit by Nino Niederreiter.
15:39 of 1st period - Shot by Evgeni Malkin.
15:39 of 1st period - Stopped by Sam Montembeault with a rebound.
15:41 of 1st period - Shot by Nino Niederreiter.
15:41 of 1st period - Goal by Nino Niederreiter - Devils : 4 - Senators : 0.
15:41 of 1st period - Semyon Varlamov enters game.
15:42 of 1st period - Brock McGinn wins face-off versus Dylan Cozens in neutral zone.
16:33 of 1st period - Icing by Chris Tanev.
16:34 of 1st period - Andrew Copp wins face-off versus Evgeni Malkin in Senators zone.
16:38 of 1st period - Off-side.
16:39 of 1st period - Joel Eriksson Ek wins face-off versus Evgeni Malkin in neutral zone.
16:53 of 1st period - Icing by Noah Hanifin.
16:54 of 1st period - Sam Reinhart wins face-off versus Joel Eriksson Ek in Senators zone.
16:57 of 1st period - Shot by Travis Konecny.
16:57 of 1st period - Stopped by Semyon Varlamov without a rebound.
16:58 of 1st period - Sam Reinhart wins face-off versus Joel Eriksson Ek in Senators zone.
17:01 of 1st period - Shot by Sam Reinhart.
17:01 of 1st period - Stopped by Semyon Varlamov with a rebound.
17:23 of 1st period - Shot by Joel Eriksson Ek.
17:23 of 1st period - Shot Misses the Net.
17:25 of 1st period - Shot by Noah Hanifin.
17:25 of 1st period - Shot Misses the Net.
17:59 of 1st period - Shot by Andrew Copp.
17:59 of 1st period - Stopped by Andrei Vasilevskiy without a rebound.
18:00 of 1st period - Scott Laughton wins face-off versus Dylan Cozens in Devils zone.
18:58 of 1st period - Shot by Matt Boldy.
18:58 of 1st period - Stopped by Semyon Varlamov without a rebound.
18:59 of 1st period - Nicklas Backstrom wins face-off versus Matty Beniers in Senators zone.
19:10 of 1st period - Shot by Nikita Kucherov.
19:10 of 1st period - Shot Blocked by Urho Vaakanainen.
19:27 of 1st period - Noah Hanifin is hit by Kyle Okposo and loses puck.
19:56 of 1st period - Matty Beniers is hit by Urho Vaakanainen.
Goals for this period are 4 for Devils vs 0 for Senators.
Shots for this period are 21 for Devils vs 5 for Senators.

2nd period


0:01 of 2nd period - Evgeni Malkin wins face-off versus Joel Eriksson Ek in neutral zone.
0:03 of 2nd period - Dougie Hamilton is hit by Noah Hanifin and loses puck.
0:16 of 2nd period - Shot by Nikita Kucherov.
0:16 of 2nd period - Shot Misses the Net.
0:18 of 2nd period - Shot by Joel Eriksson Ek.
0:18 of 2nd period - Shot Blocked by Dougie Hamilton.
0:20 of 2nd period - Shot by Noah Hanifin.
0:20 of 2nd period - Shot Misses the Net.
1:05 of 2nd period - Shot by Matty Beniers.
1:05 of 2nd period - Stopped by Andrei Vasilevskiy without a rebound.
1:06 of 2nd period - Scott Laughton wins face-off versus Dylan Cozens in Devils zone.
2:15 of 2nd period - Shot by Chris Kreider.
2:15 of 2nd period - Shot Misses the Net.
2:18 of 2nd period - Icing by K'Andre Miller.
2:19 of 2nd period - Nicklas Backstrom wins face-off versus Andrew Copp in Senators zone.
2:19 of 2nd period - Nicklas Backstrom is hit by K'Andre Miller.
2:59 of 2nd period - Andrew Copp is hit by Dominik Kubalik and loses puck.
3:23 of 2nd period - Nino Niederreiter is hit by Danton Heinen and loses puck.
3:34 of 2nd period - Shot by Nikita Kucherov.
3:34 of 2nd period - Shot Misses the Net.
3:46 of 2nd period - Shot by Evgeni Malkin.
3:46 of 2nd period - Shot Misses the Net.
4:01 of 2nd period - Off-side.
4:02 of 2nd period - Scott Laughton wins face-off versus Sam Reinhart in neutral zone.
4:04 of 2nd period - Jake Walman is hit by Travis Konecny.
4:06 of 2nd period - Shot by Scott Laughton.
4:06 of 2nd period - Shot Blocked by Damon Severson.
4:37 of 2nd period - Shot by Chris Kreider.
4:37 of 2nd period - Shot Misses the Net.
4:39 of 2nd period - Shot by Damon Severson.
4:39 of 2nd period - Shot Blocked by Eric Staal.
4:45 of 2nd period - Shot by Erik Gustafsson.
4:45 of 2nd period - Shot Misses the Net.
5:19 of 2nd period - Shot by Joel Eriksson Ek.
5:19 of 2nd period - Shot Blocked by Dougie Hamilton.
5:44 of 2nd period - Minor Penalty to Mathieu Joseph for Holding.
5:45 of 2nd period - Dylan Cozens wins face-off versus Brock McGinn in Devils zone.
7:34 of 2nd period - Andrew Copp is hit by Damon Severson and loses puck.
7:55 of 2nd period - Shot by Travis Konecny.
7:55 of 2nd period - Stopped by Semyon Varlamov without a rebound.
7:56 of 2nd period - Scott Laughton wins face-off versus Evgeni Malkin in Senators zone.
8:38 of 2nd period - Shot by Anthony Cirelli.
8:38 of 2nd period - Stopped by Andrei Vasilevskiy with a rebound.
8:54 of 2nd period - Shot by Sam Reinhart.
8:54 of 2nd period - Shot Misses the Net.
8:56 of 2nd period - Shot by Damon Severson.
8:56 of 2nd period - Stopped by Semyon Varlamov without a rebound.
8:57 of 2nd period - Dylan Cozens wins face-off versus Joel Eriksson Ek in Senators zone.
9:02 of 2nd period - Shot by Dylan Cozens.
9:02 of 2nd period - Shot Misses the Net.
9:20 of 2nd period - Shot by Mike Hoffman.
9:20 of 2nd period - Stopped by Semyon Varlamov with a rebound.
9:28 of 2nd period - Shot by Mike Hoffman.
9:28 of 2nd period - Deflect By Dylan Cozens.
9:28 of 2nd period - Stopped by Semyon Varlamov without a rebound.
9:29 of 2nd period - Sam Reinhart wins face-off versus Andrew Copp in Senators zone.
9:46 of 2nd period - Shot by Matty Beniers.
9:46 of 2nd period - Stopped by Andrei Vasilevskiy without a rebound.
9:47 of 2nd period - Nino Niederreiter wins face-off versus Danton Heinen in Devils zone.
9:52 of 2nd period - Shot by Justin Schultz.
9:52 of 2nd period - Shot Blocked by Noah Hanifin.
10:53 of 2nd period - Andrew Copp is hit by Damon Severson and loses puck.
11:25 of 2nd period - Shot by Sam Reinhart.
11:25 of 2nd period - Shot Misses the Net.
11:27 of 2nd period - Shot by Sam Reinhart.
11:27 of 2nd period - Stopped by Semyon Varlamov without a rebound.
11:28 of 2nd period - Scott Laughton wins face-off versus Dylan Cozens in Senators zone.
11:54 of 2nd period - Eric Staal is hit by Dylan Cozens and loses puck.
12:45 of 2nd period - Shot by Justin Schultz.
12:45 of 2nd period - Shot Blocked by Christian Dvorak.
12:47 of 2nd period - Shot by Justin Schultz.
12:47 of 2nd period - Stopped by Semyon Varlamov without a rebound.
12:48 of 2nd period - Joel Eriksson Ek wins face-off versus Sam Reinhart in Senators zone.
13:02 of 2nd period - Joel Eriksson Ek is hit by Damon Severson and loses puck.
14:11 of 2nd period - Shot by Matty Beniers.
14:11 of 2nd period - Goal by Matty Beniers - Devils : 4 - Senators : 1.
14:12 of 2nd period - Scott Laughton wins face-off versus Dylan Cozens in neutral zone.
15:03 of 2nd period - Shot by Joel Eriksson Ek.
15:03 of 2nd period - Shot Misses the Net.
15:05 of 2nd period - Shot by Chris Tanev.
15:05 of 2nd period - Stopped by Andrei Vasilevskiy without a rebound.
15:06 of 2nd period - Evgeni Malkin wins face-off versus Andrew Copp in Devils zone.
15:06 of 2nd period - Nino Niederreiter is hit by Andrew Copp and loses puck.
15:15 of 2nd period - Shot by Andrew Copp.
15:15 of 2nd period - Stopped by Andrei Vasilevskiy without a rebound.
15:16 of 2nd period - Sam Reinhart wins face-off versus Joel Eriksson Ek in Devils zone.
15:16 of 2nd period - Sam Reinhart is hit by Joel Eriksson Ek.
16:09 of 2nd period - Icing by Chris Kreider.
16:10 of 2nd period - Andrew Copp wins face-off versus Sam Reinhart in Devils zone.
16:11 of 2nd period - Shot by Matty Beniers.
16:11 of 2nd period - Stopped by Andrei Vasilevskiy without a rebound.
16:12 of 2nd period - Andrew Copp wins face-off versus Evgeni Malkin in Devils zone.
17:48 of 2nd period - Shot by Mathieu Joseph.
17:48 of 2nd period - Deflect By Mike Hoffman.
17:48 of 2nd period - Stopped by Semyon Varlamov with a rebound.
17:50 of 2nd period - Shot by Mathieu Joseph.
17:50 of 2nd period - Stopped by Semyon Varlamov with a rebound.
17:52 of 2nd period - Shot by Mathieu Joseph.
17:52 of 2nd period - Stopped by Semyon Varlamov without a rebound.
17:53 of 2nd period - Scott Laughton wins face-off versus Sam Reinhart in Senators zone.
18:55 of 2nd period - Shot by Dominik Kubalik.
18:55 of 2nd period - Shot Misses the Net.
18:57 of 2nd period - Shot by Erik Gustafsson.
18:57 of 2nd period - Shot Blocked by Scott Laughton.
19:23 of 2nd period - Shot by Nicklas Backstrom.
19:23 of 2nd period - Shot Misses the Net.
19:25 of 2nd period - Shot by Kyle Okposo.
19:25 of 2nd period - Stopped by Semyon Varlamov without a rebound.
19:26 of 2nd period - Joel Eriksson Ek wins face-off versus Dylan Cozens in Senators zone.
19:37 of 2nd period - Rasmus Andersson is hit by Mathieu Joseph.
Goals for this period are 0 for Devils vs 1 for Senators.
Shots for this period are 10 for Devils vs 7 for Senators.

3rd period


0:01 of 3rd period - Evgeni Malkin wins face-off versus Joel Eriksson Ek in neutral zone.
0:18 of 3rd period - Off-side.
0:19 of 3rd period - Andrew Copp wins face-off versus Dylan Cozens in neutral zone.
1:39 of 3rd period - Shot by Evgeni Malkin.
1:39 of 3rd period - Stopped by Semyon Varlamov without a rebound.
1:40 of 3rd period - Sam Reinhart wins face-off versus Scott Laughton in Senators zone.
2:05 of 3rd period - Shot by Anthony Cirelli.
2:05 of 3rd period - Stopped by Andrei Vasilevskiy with a rebound.
2:11 of 3rd period - Shot by Travis Konecny.
2:11 of 3rd period - Shot Blocked by Christian Dvorak.
2:13 of 3rd period - Shot by Sam Reinhart.
2:13 of 3rd period - Shot Misses the Net.
2:22 of 3rd period - Shot by Chris Kreider.
2:22 of 3rd period - Deflect By Travis Konecny.
2:22 of 3rd period - Stopped by Semyon Varlamov without a rebound.
2:23 of 3rd period - Joel Eriksson Ek wins face-off versus Evgeni Malkin in Senators zone.
2:23 of 3rd period - Joel Eriksson Ek is hit by Nino Niederreiter.
2:26 of 3rd period - Icing by Nikita Kucherov.
2:27 of 3rd period - Joel Eriksson Ek wins face-off versus Evgeni Malkin in Senators zone.
3:50 of 3rd period - Shot by Mike Hoffman.
3:50 of 3rd period - Shot Blocked by Rasmus Andersson.
3:52 of 3rd period - Shot by Mathieu Joseph.
3:52 of 3rd period - Shot Misses the Net.
4:28 of 3rd period - Icing by Justin Schultz.
4:29 of 3rd period - Sam Reinhart wins face-off versus Scott Laughton in Devils zone.
4:37 of 3rd period - Urho Vaakanainen is hit by Christian Dvorak and loses puck.
4:45 of 3rd period - Sam Reinhart is hit by Jake Walman.
4:57 of 3rd period - Shot by Chris Kreider.
4:57 of 3rd period - Deflect By Travis Konecny.
4:57 of 3rd period - Stopped by Semyon Varlamov without a rebound.
4:58 of 3rd period - Andrew Copp wins face-off versus Evgeni Malkin in Senators zone.
5:57 of 3rd period - Minor Penalty to Scott Laughton for Roughing.
5:58 of 3rd period - Sam Reinhart wins face-off versus Nikita Kucherov in Senators zone.
7:19 of 3rd period - Shot by Erik Gustafsson.
7:19 of 3rd period - Stopped by Semyon Varlamov without a rebound.
7:20 of 3rd period - Travis Konecny wins face-off versus Nikita Kucherov in Senators zone.
8:30 of 3rd period - Icing by Justin Schultz.
8:31 of 3rd period - Mike Hoffman wins face-off versus Andrew Copp in Devils zone.
10:13 of 3rd period - Eric Staal is hit by Chris Kreider.
10:23 of 3rd period - Shot by Eric Staal.
10:23 of 3rd period - Stopped by Andrei Vasilevskiy without a rebound.
10:24 of 3rd period - Dylan Cozens wins face-off versus Andrew Copp in Devils zone.
10:29 of 3rd period - Chris Tanev is hit by Mathieu Joseph and loses puck.
10:56 of 3rd period - Shot by Mike Hoffman.
10:56 of 3rd period - Stopped by Semyon Varlamov without a rebound.
10:57 of 3rd period - Scott Laughton wins face-off versus Evgeni Malkin in Senators zone.
11:27 of 3rd period - Off-side.
11:28 of 3rd period - Joel Eriksson Ek wins face-off versus Sam Reinhart in neutral zone.
11:31 of 3rd period - Mikhail Sergachev is hit by Joel Eriksson Ek and loses puck.
12:12 of 3rd period - Joel Eriksson Ek is hit by Chris Kreider and loses puck.
12:24 of 3rd period - Icing by Mikhail Sergachev.
12:25 of 3rd period - Sam Reinhart wins face-off versus Andrew Copp in Devils zone.
13:36 of 3rd period - Shot by Anthony Cirelli.
13:36 of 3rd period - Shot Blocked by Urho Vaakanainen.
13:47 of 3rd period - Dylan Cozens is hit by K'Andre Miller and loses puck.
13:53 of 3rd period - Dylan Cozens is hit by K'Andre Miller and loses puck.
14:00 of 3rd period - Shot by Dylan Cozens.
14:00 of 3rd period - Stopped by Semyon Varlamov without a rebound.
14:01 of 3rd period - Nicklas Backstrom wins face-off versus Joel Eriksson Ek in Senators zone.
14:28 of 3rd period - Icing by Mikhail Sergachev.
14:29 of 3rd period - Andrew Copp wins face-off versus Nicklas Backstrom in Devils zone.
14:48 of 3rd period - Shot by Andrew Copp.
14:48 of 3rd period - Shot Misses the Net.
14:52 of 3rd period - Shot by Matty Beniers.
14:52 of 3rd period - Stopped by Andrei Vasilevskiy without a rebound.
14:53 of 3rd period - Sam Reinhart wins face-off versus Joel Eriksson Ek in Devils zone.
15:06 of 3rd period - Shot by Damon Severson.
15:06 of 3rd period - Shot Misses the Net.
15:24 of 3rd period - Shot by Travis Konecny.
15:24 of 3rd period - Shot Blocked by Chris Tanev.
15:34 of 3rd period - Shot by Nikita Kucherov.
15:34 of 3rd period - Shot Misses the Net.
15:36 of 3rd period - Shot by K'Andre Miller.
15:36 of 3rd period - Stopped by Andrei Vasilevskiy without a rebound.
15:36 of 3rd period - Minor Penalty to Andrei Vasilevskiy for Delaying the game.
15:37 of 3rd period - Dylan Cozens wins face-off versus Andrew Copp in Devils zone.
16:07 of 3rd period - Shot by Andrew Copp.
16:07 of 3rd period - Deflect By Matty Beniers.
16:07 of 3rd period - Stopped by Andrei Vasilevskiy with a rebound.
16:09 of 3rd period - Shot by Rasmus Andersson.
16:09 of 3rd period - Shot Blocked by Justin Schultz.
16:13 of 3rd period - Shot by Rasmus Andersson.
16:13 of 3rd period - Stopped by Andrei Vasilevskiy without a rebound.
16:14 of 3rd period - Joel Eriksson Ek wins face-off versus Dylan Cozens in Devils zone.
16:31 of 3rd period - Shot by Joel Eriksson Ek.
16:31 of 3rd period - Stopped by Andrei Vasilevskiy without a rebound.
16:32 of 3rd period - Dylan Cozens wins face-off versus Andrew Copp in Devils zone.
16:50 of 3rd period - Matty Beniers is hit by Justin Schultz.
18:03 of 3rd period - Shot by Scott Laughton.
18:03 of 3rd period - Stopped by Andrei Vasilevskiy without a rebound.
18:04 of 3rd period - Danton Heinen wins face-off versus Evgeni Malkin in Devils zone.
18:09 of 3rd period - Shot by K'Andre Miller.
18:09 of 3rd period - Stopped by Andrei Vasilevskiy without a rebound.
18:10 of 3rd period - Evgeni Malkin wins face-off versus Joel Eriksson Ek in Devils zone.
18:14 of 3rd period - Dougie Hamilton is hit by K'Andre Miller and loses puck.
18:45 of 3rd period - Evgeni Malkin is hit by K'Andre Miller and loses puck.
19:04 of 3rd period - Shot by Mike Hoffman.
19:04 of 3rd period - Shot Misses the Net.
Goals for this period are 0 for Devils vs 0 for Senators.
Shots for this period are 6 for Devils vs 9 for Senators.